 Dungeon Crawl Stone Soup version 0.27.1-1-g398f81649c (webtiles) character file.

Game seed: 1707071718208912012

103 Descartes the Vexing (level 4, 0/25 HPs)
             Began as a Deep Elf Wanderer on Sept 5, 2021.
             Killed from afar by Ijyb (12 damage)
             ... with an iceblast
             ... on level 3 of the Dungeon.
             The game lasted 00:07:37 (3385 turns).

Descartes the Vexing (Deep Elf Wanderer)            Turns: 3385, Time: 00:07:37

Health: 0/25       AC:  5    Str: 11    XL:     4   Next: 51%
Magic:  5/10       EV: 10    Int: 17    God:
Gold:   134        SH:  0    Dex: 19    Spells: 8/9 levels left

rFire    . . .     SeeInvis .   a - +2 hand axe
rCold    . . .     Faith    .   (no shield)
rNeg     . . .     Spirit   .   q - +0 ring mail
rPois    .         Reflect  .   (no helmet)
rElec    .         Harm     .   (no cloak)
rCorr    .         Rampage  .   (no gloves)
Will     .....                  (no boots)
Stlth    +.........             (no amulet)
HPRegen  0.08/turn              b - +6 ring of dexterity
MPRegen  0.12/turn              (no ring)

@: no status effects
A: no striking features
a: no special abilities


You were on level 3 of the Dungeon.
You visited 1 branch of the dungeon, and saw 3 of its levels.

You collected 134 gold pieces.

Inventory:

Hand Weapons
 a - a +2 hand axe (weapon)
 o - a +2 dagger of holy wrath
 p - a +0 hunting sling
Missiles
 c - 86 stones
 k - 20 arrows
 l - a throwing net
 n - 8 silver boomerangs
 s - 17 poisoned darts
Armour
 q - a +0 ring mail (worn)
Jewellery
 b - a +6 ring of dexterity (left hand)
Scrolls
 d - a scroll of fog {unknown}
 e - 4 scrolls of identify {unknown}
 f - 3 scrolls of immolation {unknown}
 g - a scroll of teleportation {unknown}
 h - 3 scrolls of amnesia {unknown}
 j - a scroll of fear {unknown}
 r - a scroll of blinking {unknown}
Potions
 i - a potion of mutation {unknown}
 m - a potion of flight {unknown}


   Skills:
 - Level 1.0 Fighting
 + Level 1.9 Axes
 + Level 1.2 Dodging
 + Level 1.3 Stealth
 - Level 1.0 Shields
 + Level 3.1 Spellcasting
 + Level 2.1 Conjurations
 - Level 4.0 Hexes
 - Level 1.2 Necromancy
 + Level 2.1 Fire Magic
 - Level 1.1 Evocations


You had 8 spell levels left.
You knew the following spells:

 Your Spells              Type           Power      Damage    Failure   Level
a - Foxfire               Conj/Fire      36%        2x1d5     19%         1

Your spell library contained the following spells:

 Spells                   Type           Power      Damage    Failure   Level
 Inner Flame              Hex/Fire       13%        N/A       34%         3


Dungeon Overview and Level Annotations

Branches:
Dungeon (3/15)

Altars:

Annotations:
D:3 Ijyb


Message History

Casting: Foxfire (safe; 19% risk of failure)
Confirm with . or Enter, or press ? or * to list all spells.
You conjure some foxfire!
The foxfire hits the worm.
The worm is lightly wounded.
Casting: Foxfire (safe; 19% risk of failure)
Confirm with . or Enter, or press ? or * to list all spells.
You conjure some foxfire!
The foxfire hits the worm.
The worm is lightly wounded.
The foxfire hits the worm.
The worm is moderately wounded.
The dart slug launches a dart at you. The slug dart misses you.
The slug dart hits your foxfire.
Ijyb the Twisted Goblin comes into view.
She is wielding a +0 club and carrying a wand of iceblast (11).
Casting: Foxfire (safe; 19% risk of failure)
Confirm with . or Enter, or press ? or * to list all spells.
You conjure some foxfire!
The foxfire hits the worm.
The worm is heavily wounded.
Unknown command.
Casting: Foxfire (safe; 19% risk of failure)
Confirm with . or Enter, or press ? or * to list all spells.
You conjure some foxfire!
The foxfire hits the worm.
The worm is heavily wounded.
The foxfire hits the dart slug.
The dart slug is moderately wounded.
The foxfire hits the worm but does no damage.
The worm is heavily wounded.
The foxfire hits the worm.
The worm is heavily wounded.
Casting: Foxfire (safe; 19% risk of failure)
Confirm with . or Enter, or press ? or * to list all spells.
You conjure some foxfire!
The foxfire hits the worm.
The worm is severely wounded.
The foxfire hits the worm.
The worm is almost dead.
Ijyb zaps a wand.
The mass of ice explodes!
The iceblast engulfs you! The iceblast engulfs your foxfire! x2
The dart slug launches a dart at you. The slug dart hits you.
Ijyb zaps a wand.
The mass of ice explodes!
The iceblast engulfs you!
You die...

..<.. ..... .....#
....g.##### ....$..#..
########## ### .........#
#........# #.#
.........####........# #).
.........@.).........# ##.
...w...w#####........# ###
........# #........###..
........# ####.###..###..#
.......## #....# #.<#...##
#.....# ##.#### #....####
##########..######.......#
.............##..#####..
#######.####........# #


You could see Ijyb, a worm and a dart slug.

Vanquished Creatures
  2 orc wizards (D:3)
  A dart slug (D:2)
  An orc (D:3)
  4 endoplasms
  A giant cockroach (D:2)
  7 hobgoblins
  A jackal (D:1)
  7 kobolds
  3 ball pythons (D:2)
  7 frilled lizards
  9 goblins
  6 rats
49 creatures vanquished.

Vanquished Creatures (others)
  185 foxfires
185 creatures vanquished.

Grand Total: 234 creatures vanquished

Notes
Turn   | Place    | Note
-------+----------+-------------------------------------------
     0 | D:1      | Descartes the Deep Elf Wanderer began the quest for the
                  | Orb.
     0 | D:1      | Descartes set off with the following items: a +2 hand axe,
                  | a +0 robe; and the following spell memorised: Foxfire; and
                  | the following spells available to memorise: Inner Flame
     0 | D:1      | Reached XP level 1. HP: 12/12 MP: 5/5
   369 | D:1      | Reached skill level 1 in Fire Magic
   369 | D:1      | Reached XP level 2. HP: 16/16 MP: 5/7
   473 | D:1      | Reached skill level 1 in Conjurations
  1161 | D:1      | You fall into a shaft and drop 1 floor!
  1224 | D:2      | Reached XP level 3. HP: 20/20 MP: 3/8
  2519 | D:1      | Found a faded altar of an unknown god.
  3108 | D:3      | Reached skill level 1 in Dodging
  3108 | D:3      | Reached skill level 1 in Stealth
  3108 | D:3      | Reached XP level 4. HP: 20/25 MP: 2/10
  3380 | D:3      | Noticed Ijyb
  3385 | D:3      | Killed from afar by Ijyb

Illustrated notes

Levels and vault maps discovered:
D:1:      dpeg_arrival_morbid_curiosity, layout_basic,
          shapermc_ecumenical_altar_hornbeckon, corexii_corridor_pit,
          minmay_nonomino_d4
D:2:      layout_basic, serial_corexii_hall, corexii_hall_statues_i,
          chequers_hall_statues_y
D:3:      layout_rooms, mainiacjoe_overflow_alcove_4, uniq_ijyb

Skill      XL: |  1  2  3  4 |
---------------+-------------+-----
Spellcasting   | 2 3 |  3.1
Fire Magic     | 1 2 |  2.1
Conjurations   | 1 2 |  2.1
Dodging        | 1 |  1.2
Stealth        | 1 |  1.3
Fighting       | |  1.0
Axes           | |  1.9
Shields        | |  1.0
Hexes          | |  4.0
Necromancy     | |  1.2
Evocations     | |  1.1

Action                   |  1- 3 |  4- 6 || total
-------------------------+-------+-------++-------
Melee: Hand axe          |    18 |     1 ||    19
 Cast: Foxfire           |    97 |    10 ||   107
Armor: Robe              |     7 |       ||     7
       Ring mail         |     1 |     1 ||     2
Dodge: Dodged            |    19 |     1 ||    20
